 Dungeon Crawl Stone Soup version 0.23.2-30-g0e89c35649 (webtiles) character file.

Game seed: 2712996074430023747

364 Mrkan the Cudgeler (level 6, -1/40 HPs)
             Began as a Gargoyle Monk on June 24, 2019.
             Slain by an orc warrior
             ... wielding a +0 dire flail
              (10 damage)
             ... on level 3 of the Dungeon.
             The game lasted 00:07:29 (2843 turns).

Mrkan the Cudgeler (Gargoyle Monk)                  Turns: 2843, Time: 00:07:29

Health: -1/40      AC: 20    Str: 16    XL:     6   Next: 67%
Magic:  6/6        EV:  7    Int: 11    God:
Gold:   80         SH:  4    Dex: 12    Spells: 5/5 levels left

rFire    . . .     SeeInvis .   n - +2 mace (protect)
rCold    . . .     Gourm    .   b - +0 buckler
rNeg     + . .     Faith    .   h - +0 chain mail
rPois    ∞         Spirit   .   (no helmet)
rElec    +         Reflect  .   l - +0 cloak
rCorr    .         Harm     .   (no gloves)
MR       .....                  (no boots)
Stlth    ..........             (no amulet)
HPRegen  0.13/turn              (no ring)
MPRegen  0.10/turn              (no ring)

@: protection aura
A: big wings, deterioration 1, negative energy resistance 1, sense surroundings
1, electricity resistance, unbreathing, petrification resistance, no potion heal
1, rot immunity, AC +4
a: Fly


You were on level 3 of the Dungeon.
You were hungry.

You visited 1 branch of the dungeon, and saw 4 of its levels.

You collected 80 gold pieces.

Inventory:

Hand Weapons
 n - a +2 mace of protection (weapon)
Armour
 b - a +0 buckler (worn)
 g - a cursed +0 robe
 h - a +0 chain mail (worn)
 l - a +0 cloak (worn)
Jewellery
 o - a +2 ring of evasion {unknown}
 r - an uncursed ring of flight {unknown}
Wands
 q - a wand of iceblast (8)
Scrolls
 d - 2 scrolls of remove curse
 f - 2 scrolls of enchant weapon
 i - a scroll of magic mapping
 j - a scroll of teleportation
 m - a scroll of blinking
Potions
 a - a potion of flight {unknown}
 s - a potion of cancellation {unknown}
 t - a potion of curing {unknown}
 v - a potion of haste {unknown}
Comestibles
 c - 6 rations


   Skills:
 + Level 4.9 Fighting
 * Level 5.7 Maces & Flails
 - Level 2.4 Dodging
 - Level 2.1 Stealth
 + Level 2.7 Shields


You had 5 spell levels left.
You didn't know any spells.
Your spell library was empty.

Dungeon Overview and Level Annotations

Branches:
Dungeon (4/15)
 Temple: D:4-7

Altars:
Fedhas
Yredelemnul


Innate Abilities, Weirdness & Mutations

You are resistant to torment.
Your stone body is resilient. (AC +4)
You are immune to poison.
You resist negative energy. (rN+)
You are resistant to electric shocks. (rElec)
You can survive without breathing.
You are immune to petrification.
You are immune to rotting.
Your large and strong wings let you fly indefinitely.
Your body sometimes deteriorates upon taking damage.
You passively map a small area around you.
Potions are less effective at restoring your health.


Message History

You hit the orc warrior.
The orc warrior is heavily wounded.
The orc warrior hits you but does no damage.
You closely miss the orc warrior.
The orc warrior is heavily wounded.
The orc warrior barely misses you.
You completely miss the orc warrior.
The orc warrior is heavily wounded.
The orc warrior hits you but does no damage.
You hit the orc warrior.
The orc warrior is severely wounded.
The orc warrior hits you with a +0 dire flail!
* * * LOW HITPOINT WARNING * * *
You hit the orc warrior but do no damage.
The orc warrior is severely wounded.
You block the orc warrior's attack.
You completely miss the orc warrior.
The orc warrior is severely wounded.
The orc warrior hits you with a +0 dire flail!
You die...

....#.......(>÷.....# #..........
....###.[....#.####.# #.#......##
....###.######.#..#.# #.#.####.##
#.......# #.#..#.# #.#.#......
#.####### #.#..#.# #.#.######.
.....# #.#..#.###.#.....##.
.....# #.#..#.#...#...#.##.
.....####### #...o#.#.#######.##.
...........# ###@##.#(....(...#..
...÷.......### ####.###########.#
.......≈≈≈...## #.# #.#
.....≈≈≈≈≈≈≈..## #.# #.#
##..≈≈≈≈≈≈≈≈≈..####.# #.#
...≈≈≈≈≈≈≈≈≈≈≈...##.###########.#
...≈≈≈≈P>♣≈≈≈≈..........(.......#
..≈≈≈≈.♣PP♣≈≈≈≈..################
..≈≈≈≈.P_P.≈≈≈≈..#


You could see an orc warrior.

Vanquished Creatures
  A phantom (D:3)
  Jessica (D:3)
  2 worker ants (D:4)
  3 gnolls (D:3)
  7 adders
  3 oozes
  An adder skeleton (D:4)
  2 worms
  A dart slug (D:1)
  2 leopard geckos
  5 orcs (D:3)
  3 ball pythons
  A giant cockroach (D:2)
  6 goblins
  6 hobgoblins
  6 jackals
  3 quokkas
  8 bats
  3 frilled lizards (D:1)
  12 kobolds
  14 rats
90 creatures vanquished.

Notes
Turn   | Place    | Note
-------+----------+-------------------------------------------
     0 | D:1      | Mrkan the Gargoyle Monk began the quest for the Orb.
     0 | D:1      | Reached XP level 1. HP: 14/14 MP: 1/1
    83 | D:1      | Reached XP level 2. HP: 19/19 MP: 2/2
   539 | D:1      | Reached XP level 3. HP: 23/24 MP: 3/3
   764 | D:2      | Reached skill level 4 in Maces & Flails
  1002 | D:2      | Reached XP level 4. HP: 22/29 MP: 4/4
  1163 | D:2      | Reached skill level 1 in Shields
  1595 | D:3      | Reached XP level 5. HP: 33/33 MP: 5/5
  1599 | D:3      | Found a basalt altar of Yredelemnul.
  1600 | D:3      | Noticed Jessica
  1632 | D:3      | Killed Jessica
  1764 | D:3      | Found a blossoming altar of Fedhas.
  1867 | D:3      | Reached skill level 5 in Maces & Flails
  1913 | D:3      | Noticed a phantom
  1980 | D:3      | Killed a phantom
  1980 | D:3      | Reached XP level 6. HP: 31/39 MP: 6/6
  2448 | D:4      | Noticed an orc warrior
  2491 | D:4      | HP: 2/40 [orc warrior/+0 dire flail (8)]
  2819 | D:2      | Gained mutation: Your large and strong wings let you fly
                  | indefinitely. [potion of mutation]
  2819 | D:2      | Gained mutation: Potions are less effective at restoring
                  | your health. [potion of mutation]
  2819 | D:2      | Gained mutation: You are clumsy. (Dex -2) [potion of
                  | mutation]
  2819 | D:2      | Gained mutation: You have an increased reservoir of magic.
                  | (+10% MP) [potion of mutation]
  2820 | D:2      | Lost mutation: You have an increased reservoir of magic.
                  | (+10% MP) [potion of mutation]
  2820 | D:2      | Lost mutation: You are clumsy. (Dex -2) [potion of
                  | mutation]
  2820 | D:2      | Gained mutation: Your body sometimes deteriorates upon
                  | taking damage. [potion of mutation]
  2820 | D:2      | Gained mutation: You passively map a small area around you.
                  | [potion of mutation]
  2843 | D:3      | Slain by an orc warrior

Skill      XL: |  1  2  3  4  5 |
---------------+----------------+-----
Maces & Flails | 4 5 |  5.7
Fighting       | 4 |  4.9
Shields        | 1 2 |  2.7
Dodging        | |  2.4
Stealth        | |  2.1

Action                   |  1- 3 |  4- 6 || total
-------------------------+-------+-------++-------
Melee: Mace              |    94 |   290 ||   384
  Use: Scroll            |       |     7 ||     7
       Potion            |       |     2 ||     2
 Stab: Sleeping          |     6 |       ||     6
  Eat: Chunk             |       |     6 ||     6
Armor: Robe              |    21 |       ||    21
       Chain mail        |    24 |   237 ||   261
Dodge: Dodged            |    45 |   102 ||   147
Block: Buckler           |     6 |    55 ||    61
